 Dungeon Crawl Stone Soup version 0.28-a0-1199-gef9e1dbd39 (webtiles) character file.

Game seed: 8207600952878051967

8525 ytrimaz the Martial Artist (level 11, 0/91 HPs)
             Began as an Octopode Transmuter on Dec 20, 2021.
             Was a Follower of Ashenzari.
             Slain by an orange demon (9 damage)
             ... led by a cacodemon
             ... on level 2 of the Abyss.
             The game lasted 00:18:13 (9876 turns).

ytrimaz the Martial Artist (Octopode Transmuter)    Turns: 9876, Time: 00:18:13

Health: 0/91       AC: 11    Str: 10    XL:     11   Next: 32%
Magic:  24/24      EV: 13    Int: 20    God:    Ashenzari [*.....]
Gold:   557        SH:  0    Dex: 12    Spells: 18/28 levels left

rFire   . . .      SeeInvis .     - Unarmed
rCold   + + +      Faith    .   (shield currently unavailable)
rNeg    . . .      Spirit   .   (helmet currently unavailable)
rPois   +          Reflect  .   g - amulet "Share My Seer" {Regen+, Melee, Cun} (curse)
rElec   +          Harm     .   y - ring of Star-Bound Wisdom {AC+4, Self, Cun} (curse)
rCorr   +          Rampage  .   (no ring)
Will    .....      Rnd*Tele +   (no ring)
Stlth   +.........              (no ring)
HPRegen 1.05/turn               (no ring)
MPRegen 0.19/turn               (no ring)
                                (no ring)
                                (no ring)

@: mighty, ice-form, resistant, slowed, very slow
A: freezing attack, boosted hp, almost no armour, amphibious, 8 rings, large,
(camouflage 1), (gelatinous body 1), (nimble swimmer 1), (tentacles),
teleportitis 1
a: End Transformation, Renounce Religion, Curse Item, Shatter the Chains


You were on level 2 of the Abyss.
You worshipped Ashenzari.
Ashenzari was aware of your devotion.
You were a creature of crystalline ice.
You visited 2 branches of the dungeon, and saw 12 of its levels.
You visited the Abyss 1 time.

You collected 607 gold pieces.
You spent 50 gold pieces at shops.

Inventory:

Missiles
 j - 2 throwing nets
Jewellery
 g - the cursed amulet "Share My Seer" (around neck) {Regen+, Melee, Cun}
   (You found it on level 2 of the Dungeon)

   [amulet of regeneration]

   Regen:     It increases your rate of health regeneration.
   It has a curse which improves the following skills: Melee Combat: Short
   Blades, Long Blades, Axes, Maces & Flails, Polearms, Staves and Unarmed
   Combat.
   Cunning:   Dodging and Stealth.
 y - the cursed ring of Star-Bound Wisdom (left front paw) {AC+4, Self, Cun}
   (You found it on level 8 of the Dungeon)

   [ring of protection]

   AC:        It affects your AC (+4).
   It has a curse which improves the following skills: Introspection: Fighting
   and Spellcasting.
   Cunning:   Dodging and Stealth.
Wands
 f - a wand of polymorph (11)
 l - a wand of acid (4)
 m - a wand of flame (15)
 q - a wand of mindburst (6)
 r - a wand of charming (4)
Scrolls
 e - 4 scrolls of teleportation
 p - 2 scrolls of noise
 s - 3 scrolls of vulnerability
 u - a scroll of blinking
 w - a scroll of fog
 x - a scroll of fear
Potions
 a - 5 potions of lignification
 b - a potion of haste
 c - 5 potions of flight
 d - 8 potions of curing
 h - a potion of mutation
 i - 2 potions of brilliance
 k - 2 potions of magic
 n - 3 potions of might
 t - a potion of heal wounds
 v - a potion of berserk rage


   Skills:
 * Level 6.6(7.6) Fighting
 * Level 6.7(8.4) Dodging
 + Level 9.3(10.3) Unarmed Combat
 * Level 8.1(9.1) Spellcasting
 * Level 7.6 Transmutations
 - Level 0.1 Ice Magic
 - Level 4.0 Poison Magic


You had 18 spell levels left.
You knew the following spells:

 Your Spells              Type           Power      Damage    Failure   Level
a - Beastly Appendage     Tmut           78%        N/A       1%          1
b - Wereblood             Tmut           39%        N/A       1%          2
c - Spider Form           Tmut/Pois      32%        N/A       1%          3
d - Ice Form              Ice/Tmut       24%        N/A       16%         4

Your spell library contained the following spells:

 Spells                   Type           Power      Damage    Failure   Level
 Ensorcelled Hibernation  Hex/Ice        18%        N/A       11%         2
 Static Discharge         Conj/Air       9%         N/A       12%         2
 Tukima's Dance           Hex            9%         N/A       22%         3
 Animate Dead             Necr           4%         N/A       58%         4
 Borgnjor's Vile Clutch   Necr/Erth      4%         N/A       91%         5
 Lightning Bolt           Conj/Air       4%         1d16      91%         5
 Death Channel            Necr           4%         N/A       100%        6
 Maxwell's Capacitive Co  Air            4%         ∞         100%        8


Dungeon Overview and Level Annotations

Branches:
Dungeon (11/15)            Temple (1/1) D:5             Orc (0/2) D:10
   Lair: D:8-11

Altars:
Ashenzari
Cheibriados
Dithmenos
Elyvilon
Fedhas
Gozag
Hepliaklqana
Kikubaaqudgha
Makhleb
Nemelex Xobeh
Okawaru
Qazlal
Ru
Sif Muna
Trog
Uskayaw
Vehumet
Wu Jian
Xom
Yredelemnul

Shops:
D:2 (   D:3 *   D:7 [=

Annotations:
D:5 4 runed translucent doors
D:10 2 transporters, Thraspic's ghost, journeyman DgTm
D:11 Psyche


Innate Abilities, Weirdness & Mutations

You are a creature of crystalline ice.
You have a powerful freezing melee attack.
Your maximum health is increased.
Your armour is entirely melded.
You are incapable of wielding weapons or throwing items.
You cannot wear most types of armour.
You are amphibious.
You can wear up to eight rings at the same time.
((Your skin changes colour to match your surroundings (Stealth+).))
((Your rubbery body absorbs attacks. (AC +1, EV +1)))
((You are camouflaged near water. (Stealth+)))
((You have tentacles for arms and can constrict up to eight enemies at once.))
You are occasionally teleported next to monsters.


Message History

You pummel the sixfirhy!! You freeze the sixfirhy!
You kill the sixfirhy!
You hear a screech! x2
The cacodemon gestures at you. The bolt of energy misses you.
A spriggan defender skeleton comes into view.
The cacodemon gestures at you. The bolt of energy misses you.
The cacodemon gestures at you.
Strange energies course through your body.
You feel weirdly uncertain.
Unknown command.
An orange demon comes into view.
You hit the cacodemon but do no damage.
The cacodemon hits you but does no damage.
The cacodemon barely misses you. The orange demon misses you.
The cacodemon hits you. The cacodemon barely misses you.
You punch the cacodemon! You freeze the cacodemon.
The cacodemon is lightly wounded.
You hear a screech!
The spriggan defender skeleton hits you but does no damage.
The orange demon stings you from afar.
The spriggan defender skeleton hits you!
* * * LOW HITPOINT WARNING * * *
The cacodemon barely misses you. x2
You barely miss the cacodemon.
The cacodemon is lightly wounded.
The orange demon stings you but does no damage.
The spriggan defender skeleton hits you!
* * * LOW HITPOINT WARNING * * *
The cacodemon hits you but does no damage.
The cacodemon hits you!
* * * LOW HITPOINT WARNING * * *
The orange demon stings you but does no damage.
You punch the cacodemon! You freeze the cacodemon.
The cacodemon is moderately wounded.
The spriggan defender skeleton hits you but does no damage. x2
The cacodemon gestures at you.
You struggle to resist.
The orange demon stings you from afar!
You die...

.#. ...#### # .#
.. ...#......
..### ##.. # #...
.#.#. # ...
...#....# . ## #.
.#
...#####.####.##
.. # # ........
.......# . ##
......###...####.
. .#...#Z....# ..
# #.Y##.#.# .#
#2####.... #.4
##Z.##... ..##
#.... #... #.###
#. . #.. #.. ###
###


You could see a cacodemon, an orange demon and a spriggan defender skeleton.

Vanquished Creatures
  A sixfirhy (Abyss:2)
  Pikel (D:8)
  2 centaur zombies
  2 kobold demonologists (D:10)
  A troll (D:9)
  A hornet (D:8)
  A shadow (D:10)
  A yak (D:5)
  A basilisk (D:11)
  A steam dragon (D:9)
  Menkaure (D:4)
  A large abomination (Abyss:2)
  An acid dragon (D:11)
  2 water moccasins
  10 orc warriors
  A black bear (D:5)
  2 ice beasts
  2 hornet zombies
  3 sky beasts
  A boggart (D:2)
  2 necrophages
  3 ogres
  2 phantoms (D:5)
  3 centaurs
  3 kobold brigands (D:10)
  2 gnoll sergeants
  4 scorpions
  A wyvern skeleton (D:5)
  5 wights (D:6)
  4 howler monkeys
  3 bullfrog zombies (D:5)
  A bullfrog skeleton (D:5)
  A jelly (D:8)
  11 orc priests
  6 hounds
  2 centaur skeletons
  15 orc wizards
  3 iguanas (D:5)
  Terence (D:2)
  A hound skeleton (D:4)
  Robin (D:2)
  11 gnolls
  A howler monkey skeleton (D:6)
  5 adders
  A shadow imp (D:6)
  4 white imps
  2 adder skeletons (D:4)
  A worm (D:3)
  42 orcs
  3 bats
  6 endoplasms
  4 giant cockroaches
  8 hobgoblins
  3 jackals
  6 kobolds
  3 quokkas
  8 ball pythons
  2 frilled lizards (D:2)
  18 goblins
  2 rats
  A spectral hobgoblin (D:4)
241 creatures vanquished.

Vanquished Creatures (others)
  An orc wizard (D:9)
1 creature vanquished.

Grand Total: 242 creatures vanquished

Notes
Turn   | Place    | Note
-------+----------+-------------------------------------------
     0 | D:1      | ytrimaz the Octopode Transmuter began the quest for the
                  | Orb.
     0 | D:1      | Reached XP level 1. HP: 13/13 MP: 3/3
   245 | D:1      | Reached XP level 2. HP: 14/18 MP: 1/5
   248 | D:1      | Learned a level 2 spell: Wereblood
   592 | D:1      | Found a faded altar of an unknown god.
   592 | D:1      | Noticed a rust devil
   978 | D:2      | Reached XP level 3. HP: 23/23 MP: 4/6
   982 | D:2      | Learned a level 3 spell: Spider Form
  1108 | D:2      | Noticed Terence
  1122 | D:2      | Killed Terence
  1133 | D:2      | Reached XP level 4. HP: 28/28 MP: 2/7
  1204 | D:2      | Noticed a boggart
  1204 | D:2      | a goblin changed into a boggart
  1208 | D:2      | Killed a boggart
  1209 | D:2      | Reached XP level 5. HP: 34/34 MP: 7/9
  1378 | D:2      | Noticed Robin
  1541 | D:2      | Killed Robin
  1685 | D:2      | Found Ustuoman's Antique Weapon Boutique.
  2035 | D:3      | Reached skill level 4 in Unarmed Combat
  2044 | D:3      | Reached XP level 6. HP: 39/39 MP: 7/11
  2274 | D:3      | Found Vezxoryi's General Store.
  2278 | D:3      | Bought a scroll of teleportation for 30 gold pieces
  2278 | D:3      | Bought a scroll of identify for 20 gold pieces
  2420 | D:3      | Noticed an ice beast
  2448 | D:3      | Killed an ice beast
  2792 | D:4      | Learned a level 4 spell: Ice Form
  2843 | D:4      | Reached XP level 7. HP: 45/45 MP: 11/13
  2889 | D:4      | Noticed Menkaure
  2897 | D:4      | Killed Menkaure
  2956 | D:4      | Reached skill level 1 in Poison Magic
  3206 | D:4      | Found a burning altar of Makhleb.
  3251 | D:4      | Reached skill level 5 in Unarmed Combat
  3369 | D:4      | Found a hazy altar of Hepliaklqana.
  3508 | D:5      | Entered Level 5 of the Dungeon
  3508 | D:5      | Found a large runed translucent door.
  3508 | D:5      | Found a large runed translucent door.
  3521 | D:5      | Found a staircase to the Ecumenical Temple.
  3551 | D:5      | Reached XP level 8. HP: 49/52 MP: 15/15
  3558 | Temple   | Entered the Ecumenical Temple
  3659 | Temple   | Became a worshipper of Ashenzari the Shackled
  3731 | D:5      | Found a large runed translucent door.
  3731 | D:5      | Found a large runed translucent door.
  3877 | D:5      | Reached skill level 5 in Spellcasting
  4318 | D:5      | Found a sacrificial altar of Ru.
  4579 | D:5      | Reached skill level 5 in Transmutations
  4601 | D:5      | Reached XP level 9. HP: 56/58 MP: 12/17
  4702 | D:5      | Reached skill level 6 in Unarmed Combat
  4769 | D:5      | Identified the +8 whip of the Penguin {drain, Fly Str+4}
  5147 | D:6      | Found a snail-covered altar of Cheibriados.
  6009 | D:6      | Reached skill level 5 in Dodging
  6011 | D:6      | Reached skill level 7 in Unarmed Combat
  6307 | D:7      | Reached skill level 5 in Fighting
  6389 | D:7      | Found Caruum's Jewellery Shop.
  6392 | D:7      | Found Umeazoeh's Antique Armour Shop.
  6455 | D:7      | Found a shimmering blue altar of Sif Muna.
  6759 | D:7      | Found a white marble altar of Elyvilon.
  6931 | D:8      | Noticed a hornet
  6939 | D:8      | Killed a hornet
  6940 | D:8      | Reached XP level 10. HP: 65/66 MP: 13/19
  7155 | D:8      | Noticed Pikel
  7161 | D:8      | Killed Pikel
  7287 | D:8      | Reached skill level 8 in Unarmed Combat
  7381 | D:8      | You fall into a shaft and drop 3 floors!
  7384 | D:10     | Entered Level 10 of the Dungeon
  7384 | D:10     | Noticed a +0 falchion
  7384 | D:10     | Noticed a +0 falchion
  7393 | D:10     | Noticed a +0 dagger
  7394 | D:10     | Noticed a +0 spear
  7394 | D:10     | Noticed a +0 dagger
  7395 | D:10     | Noticed a +0 short sword
  7395 | D:10     | Noticed a +0 short sword
  7395 | D:10     | Noticed a +0 spear
  7408 | D:10     | Found a hide-covered altar of Uskayaw.
  7438 | D:10     | Found a transporter.
  7439 | D:10     | Noticed a two-headed ogre
  7439 | D:10     | Noticed Thraspic's ghost (journeyman DgTm)
  7440 | D:10     | Noticed a two-headed ogre
  7441 | D:10     | Identified the +8 dire flail of Otisaor {freeze, Drain
                  | Str+8 Dex+2}
  7441 | D:10     | Noticed a two-headed ogre
  7441 | D:10     | Noticed a two-headed ogre
  7442 | D:10     | Noticed a two-headed ogre
  7444 | D:10     | Found a transporter.
  8538 | D:9      | Reached * piety under Ashenzari
  8991 | D:9      | Identified the +2 short sword of Focus {pain, Drain rCorr
                  | Int+4}
  9092 | D:10     | Noticed a kobold demonologist
  9098 | D:10     | Noticed a kobold demonologist
  9113 | D:10     | Killed a kobold demonologist
  9114 | D:10     | Reached XP level 11. HP: 75/75 MP: 15/23
  9117 | D:10     | Reached skill level 9 in Unarmed Combat
  9413 | D:10     | Found a staircase to the Orcish Mines.
  9746 | D:11     | Noticed Psyche
  9756 | D:11     | Cast into level 2 of the Abyss (Psyche)
  9796 | Abyss:2  | Noticed a large abomination
  9858 | Abyss:2  | Noticed a sixfirhy
  9866 | Abyss:2  | Noticed a cacodemon
  9870 | Abyss:2  | Killed a sixfirhy
  9871 | Abyss:2  | Gained mutation: You are occasionally teleported next to
                  | monsters. [a cacodemon]
  9876 | Abyss:2  | Slain by an orange demon

Illustrated notes

Levels and vault maps discovered:
D:1:      dpeg_arrival_lava_altar, layout_basic,
          dreamdust_ecumenical_altar_sealed_demon
D:2:      layout_basic, serial_shops, shop_fountains, st_stairs_7, uniq_terence,
          uniq_robin
D:3:      layout_basic, serial_shops, shop
D:4:      layout_basic, kennysheep_mini_moat,
          nicolae_hepliaklqana_monster_ancestors, kennysheep_generic_room_16,
          uniq_menkaure
D:5:      layout_rooms, mainiacjoe_overflow_brackets,
          minmay_temple_entry_mini_moons, serial_rivers,
          chequers_serial_rivers_small_b, chequers_serial_rivers_room_a,
          chequers_serial_rivers_small_3, chequers_serial_rivers_large_a,
          chequers_serial_rivers_micro_d, supply_closet_lemuel,
          minmay_hollow_rounded_squares
D:6:      layout_layer_cave, lemuel_crystal_altar
D:7:      layout_rooms, elyvilon_altar_1, nicolae_overflow_hidden_temple,
          mainiacjoe_overflow_paths, nicolae_wooded_promenade, st_stairs_8
D:8:      layout_rooms, dk_vineyard_2, uniq_pikel
D:9:      layout_roguey
D:10:     layout_stronghold, nicolae_uskayaw_en_pointe, david_orc_4,
          gammafunk_ghost_smash
D:11:     layout_roguey, erik_lair_island, special_room [special_room_orc],
          serial_co_window_serial, co_window_paths_a, co_window_paths_a,
          co_window_corner_a, co_window_corner_a, co_window_cross_1,
          co_window_paths_b, co_window_corner_a, co_window_broadway_c,
          co_window_unsneaky_path_a, co_window_broadway_a, co_window_broadway_b,
          co_window_corner_b, co_window_corner_cb, glass_columns_c,
          glass_columns_b, glass_columns_a, glass_columns_b, uniq_psyche
Temple:   dshaligram_water_room_temple
Abyss:2:  base: Temple, base:
D:8

Skill      XL: |  1  2  3  4  5  6  7  8  9 10 11 |
---------------+----------------------------------+-----
Spellcasting   | 3 4 5 6 7 8 |  8.1
Transmutations | 3 4 5 6 7 |  7.6
Fighting       | 2 3 4 5 6 |  6.6
Unarmed Combat | 4 5 7 8 9 |  9.3
Dodging        | 3 4 5 6 |  6.7
Poison Magic   | 1 2 4 |  4.0
Ice Magic      | |  0.1

Action                   |  1- 3 |  4- 6 |  7- 9 | 10-12 || total
-------------------------+-------+-------+-------+-------++-------
Melee: Unarmed           |    47 |   106 |   306 |   246 ||   705
       Constrict         |     9 |    13 |    10 |     2 ||    34
       Kick              |     9 |    12 |    13 |     1 ||    35
       Tentacles         |     7 |    11 |    17 |     3 ||    38
       Punch             |     1 |     1 |     1 |     1 ||     4
 Cast: Beastly Appendage |    13 |    14 |    11 |     3 ||    41
       Spider Form       |     1 |     7 |    23 |       ||    31
       Wereblood         |     1 |     2 |     6 |     9 ||    18
       Ice Form          |       |       |    11 |    26 ||    37
Invok: Curse Item        |       |       |     1 |     1 ||     2
Evoke: Wand              |       |     1 |       |       ||     1
  Use: Scroll            |     2 |     6 |     9 |     5 ||    22
       Potion            |       |       |       |     4 ||     4
 Stab: Sleeping          |     1 |     6 |     4 |       ||    11
Armor: Skin              |     3 |     9 |    21 |    82 ||   115
Dodge: Dodged            |    22 |    70 |   191 |   133 ||   416
Block: Other             |     2 |     2 |       |       ||     4

Table legend: (Time is in decaauts)
 A = Elapsed time spent in this place.
 B = Non-inter-level travel time spent in this place.
 C = Inter-level travel time spent in this place.
 D = Time resting spent in this place.
 E = Time spent auto-exploring this place.
 F = Levels seen in this place.
 G = Mean time per level.
                   A        B        C        D        E       F      G
               +--------+--------+--------+--------+--------+-----+--------+
         Total |   9793 |   9440 |    353 |    511 |   6784 |  13 |  753.3 |
       Dungeon |   9562 |   9249 |    313 |    511 |   6658 |  11 |  869.3 |
        Temple |    110 |     70 |     40 |      0 |     59 |   1 |  110.0 |
         Abyss |    121 |    121 |      0 |      0 |     67 |   1 |  121.0 |
               +--------+--------+--------+--------+--------+-----+--------+

Top non-repeatable levels by time:
     D:6: 1450 daAuts
    D:10: 1182 daAuts
     D:5: 1175 daAuts
     D:1: 917 daAuts
     D:4: 893 daAuts
     D:2: 866 daAuts
     D:3: 814 daAuts
     D:9: 752 daAuts
     D:8: 727 daAuts
     D:7: 635 daAuts
    D:11: 146 daAuts
 Abyss:2: 121 daAuts
  Temple: 110 daAuts
